 Dungeon Crawl Stone Soup version 0.17-a0-1150-g17b0b87 (webtiles) character file.

105593 nuthulu the Shatterer (level 15, -8/149 HPs)
             Began as a Minotaur Berserker on May 27, 2015.
             Was a High Priest of Trog.
             Mangled by a spatial maelstrom (15 damage)
             ... on level 1 of the Abyss.
             The game lasted 02:11:22 (30715 turns).

nuthulu the Shatterer (Minotaur Berserker)         Turns: 30715, Time: 02:11:22

Health: -8/149     AC: 19    Str: 33 (34) XL:     15   Next: 95%
Magic:  14/14      EV:  9    Int:  6 (7)  God:    Trog [*****.]
Gold:   298        SH:  0    Dex: 14      Spells: 0 memorised, 14 levels left

rFire  + . .     SeeInvis .     n - +8 great mace of Trog's Hatred {crush, rPois}
rCold  + . .     Clarity  .     R - +5 ring mail of a Thousand Spirits {Str+6}
rNeg   . . .     SustAt   .     (no shield)
rPois  +         Gourm    .     (helmet restricted)
rElec  .         Spirit   .     U - +2 cloak
rCorr  .         Warding  .     A - -3 pair of gloves "Kooxent" {rF+ rC+ Int+3 Stlth+}
rMut   .         Stasis   .     u - +1 pair of boots {Fly}
MR     ++...                    (no amulet)
Stlth  ++........               Q - +4 ring of strength
                                d - ring of protection from magic

@: about to teleport, flying, constricted, very resistant to hostile
enchantments, unstealthy
A: retaliatory headbutt, horns 2
a: Burn Spellbooks, Berserk, Trog's Hand, Brothers in Arms, Renounce Religion,
Stop Flying


You were on level 1 of the Abyss.
You worshipped Trog.
Trog was extremely pleased with you.
You were not hungry.

You visited 4 branches of the dungeon, and saw 25 of its levels.
You visited the Abyss 1 time.

You collected 2042 gold pieces.
You spent 1744 gold pieces at shops.

Inventory:

Hand weapons
 a - a +3 dire flail of holy wrath
 n - the +8 great mace of Trog's Hatred (weapon) {crush, rPois}
   (Trog gifted it to you on level 1 of the Elven Halls)

   It inflicts extra damage upon your enemies.
   It protects you from poison.
 E - a +2 morningstar of flaming
 N - a +2 battleaxe of flaming
 X - a +4 great mace of distortion
Armour
 u - a +1 pair of boots of flying (worn)
 A - the -3 pair of gloves "Kooxent" (worn) {rF+ rC+ Int+3 Stlth+}
   (You bought it in a shop on level 11 of the Dungeon)

   It affects your intelligence (+3).
   It protects you from fire.
   It protects you from cold.
   It makes you more stealthy.
 R - the +5 ring mail of a Thousand Spirits (worn) {Str+6}
   (You bought it in a shop on level 4 of the Orcish Mines)

   It affects your strength (+6).
 U - a +2 cloak (worn)
Rods
 O - a +0 rod of shadows (12/12)
   (You found it on level 10 of the Dungeon)
Jewellery
 d - a ring of protection from magic (left hand)
 z - an uncursed amulet of resist corrosion
 J - an uncursed ring of sustain attributes
 Q - a +4 ring of strength (right hand)
Magical devices
 g - a wand of slowing (7)
 q - a wand of lightning (12)
 v - a wand of magic darts (25)
 w - a wand of random effects (14)
 H - a wand of frost (23)
 I - a wand of heal wounds (1)
 K - a wand of fireball (1)
 L - a wand of flame (31)
 M - a wand of disintegration (1)
 P - a wand of frost (40)
 S - a wand of enslavement (14)
 T - a wand of disintegration (9)
 V - a wand of draining (9)
Scrolls
 b - a scroll of recharging
 o - a scroll of identify
 r - 10 scrolls of remove curse
 y - a scroll of fear
 D - a scroll of teleportation
 Y - 3 scrolls of fog
 Z - 2 scrolls of blinking
Potions
 e - 5 potions of brilliance
 f - 5 potions of curing
 h - 2 potions of agility
 k - a potion of haste
 l - 4 potions of might
 p - a potion of invisibility {unknown}
 t - a potion of cure mutation
 B - 2 potions of mutation {unknown}
 G - 3 potions of magic
 W - a potion of ambrosia {unknown}
Comestibles
 c - 5 bread rations
 i - 18 fruits
 m - 7 beef jerkies
 s - 6 meat rations
 x - 3 slices of pizza
 C - 2 royal jellies


   Skills:
 * Level 17.8 Fighting
 * Level 21.2 Maces & Flails
 * Level 17.1 Armour
 - Level 2.1 Dodging
 - Level 0.8 Evocations


You had 14 spell levels left.
You didn't know any spells.

Dungeon Overview and Level Annotations

Branches:
Dungeon (12/15)            Temple (0/1) D:4            Lair (8/8) D:9
  Swamp (0/4) Lair:4       Spider (0/4) Lair:5        Slime (0/6) Lair:8
    Orc (4/4) D:10            Elf (1/3) Orc:4

Altars:
Ashenzari
Elyvilon
Kikubaaqudgha
Makhleb
Okawaru
Qazlal
Xom
Yredelemnul
Zin
Beogh

Shops:
D:5 *   D:11 [[[=   Orc:4 *[}[:   Elf:1 =

Annotations:
Lair:4 exclusion: oklob plant
Lair:8 exclusion: 2 oklob plants
Abyss:1 Azrael


Innate Abilities, Weirdness & Mutations

You reflexively headbutt those who attack you in melee.
You have a pair of horns on your head.


Message History

Press: ? - help, Shift-Dir - straight line, f - you You feel much better.
This wand has 1 charge left.
The spatial maelstrom hits you!
* * * LOW HITPOINT WARNING * * *
Space bends around you.
* * * LOW HITPOINT WARNING * * *
The spatial maelstrom hits you!
* * * LOW HITPOINT WARNING * * *
You feel strangely unstable.
You feel the power of the Abyss delaying your translocation.
The starspawn tentacle constricts you.
Your deep troll bites the spatial vortex!
The spatial vortex dissipates!
The tentacled starspawn bites you.
* * * LOW HITPOINT WARNING * * *
The tentacled starspawn engulfs you.
* * * LOW HITPOINT WARNING * * *
The spatial maelstrom hits you but does no damage.
The spatial maelstrom hits you!
You die...

......# .. # .
... .####...#
.......#.....##
.. ##v.##....#
#. #.#.#.#.###
#.#.##...#.# #
#
...***w......#
....#.XXw#....#
....#v@.### ##
#....#. ## .
#.T#.#... #
.........#.# .
....#.#.#X##
....#.##.###.##
....#. . ##..#
....##
.###.##### ##
.# .# #.. .#
####


You could see 2 tentacled starspawn, a spatial maelstrom, a spatial vortex, 2
starspawn tentacles and a friendly deep troll (berserk).

Vanquished Creatures
  An orc warlord (Orc:2)
  The ghost of kroki the Severer, a powerful HuBe of Trog (Orc:4)
  5 hydras
  4 catoblepae
  Erolcha (D:11)
  26 death yaks
  3 deep elf knights (Elf:1)
  2 thrashing horrors (Abyss:1)
  A wretched star (Abyss:1)
  3 skeletal warriors (D:11)
  An unseen horror (D:12)
  3 deep elf summoners (Elf:1)
  3 hill giants (D:12)
  A lindwurm (Lair:7)
  Pikel (D:9)
  5 orc sorcerers
  3 deep elf conjurers (Elf:1)
  2 orc knights
  A manticore (D:12)
  10 elephants
  An ugly thing (D:12)
  Maurice (D:11)
  3 large abominations (Abyss:1)
  10 spiny frogs
  5 black mambas
  A kobold demonologist (D:11)
  2 smoke demons
  A hellwing (Orc:4)
  6 komodo dragons
  A deep elf priest (Elf:1)
  A red devil (Abyss:1)
  5 fire drakes
  5 trolls
  A polar bear (Lair:5)
  A blue devil (Orc:4)
  A blink frog (shapeshifter) (Abyss:1)
  25 blink frogs
  A hydra skeleton (Abyss:1)
  3 deep elf fighters (Elf:1)
  2 wyverns
  6 deep elf magi (Elf:1)
  46 yaks
  4 hungry ghosts
  3 fire elementals (Orc:4)
  5 humans (D:8)
  The ghost of emiel the Skirmisher, an average HuWn of Okawaru (D:3)
  7 hippogriffs
  3 basilisks
  3 fire bats (Abyss:1)
  3 wargs
  6 swamp worms (Lair:4)
  A vampire mosquito (D:12)
  9 wolves
  A soldier ant (D:8)
  3 hell hounds (Orc:4)
  11 water moccasins
  9 ogres
  11 porcupines
  3 ice beasts
  A wasp (D:8)
  27 orc warriors
  3 phantoms
  7 sky beasts
  15 crocodiles
  9 centaurs
  A brain worm (Abyss:1)
  3 big kobolds
  18 giant frogs
  2 small abominations (Abyss:1)
  2 scorpions
  5 killer bees (D:8)
  2 electric eels
  A jelly (D:11)
  3 wights (D:8)
  8 crimson imps
  26 orc priests
  3 giant frog zombies
  2 quasits
  4 starcursed masses (Abyss:1)
  3 centaur zombies
  2 iron imps (Abyss:1)
  A giant frog skeleton (D:4)
  5 iguanas
  2 hounds
  30 orc wizards
  12 worker ants
  17 sheep
  3 hound skeletons
  13 adders
  4 gnolls (D:6)
  61 river rats
  A shadow imp (D:10)
  2 oozes (D:1)
  An adder skeleton (D:4)
  8 giant geckos
  169 orcs
  3 ball pythons (D:5)
  13 bats
  A bat skeleton (D:6)
  A bat zombie (D:10)
  5 giant cockroaches
  19 hobgoblins
  12 jackals
  22 kobolds
  2 quokkas
  3 giant newts
  21 goblins
  A quokka zombie (D:7)
  13 rats
  A butterfly (Lair:7)
  A fungus (Lair:6)
  A starspawn tentacle (Abyss:1)
883 creatures vanquished.

Vanquished Creatures (collateral kills)
  2 tentacled starspawn (Abyss:1)
  A deep elf sorcerer (Elf:1)
  Harold (Lair:2)
  4 death yaks
  6 orc high priests
  An orc knight (Orc:2)
  A wizard (Elf:1)
  A sixfirhy (Orc:4)
  A smoke demon (Abyss:1)
  A tengu conjurer (Elf:1)
  A large abomination (Abyss:1)
  A red devil (Orc:4)
  A deep elf priest (Elf:1)
  A blink frog (Lair:6)
  2 basilisks
  4 deep elf magi (Elf:1)
  A neqoxec (Orc:4)
  A deep elf fighter (Elf:1)
  3 yaks (Lair:6)
  2 wolves (Lair:6)
  A spatial vortex (Abyss:1)
  A water moccasin (Lair:3)
  An ogre (Orc:2)
  3 starcursed masses (Abyss:1)
  A boggart (Elf:1)
  A crocodile (Lair:5)
  8 orc warriors
  4 orc priests
  6 orc wizards
  3 sheep (Lair:5)
  3 river rats (Lair:5)
  6 orcs
  A lurking horror (Abyss:1)
75 creatures vanquished.

Vanquished Creatures (others)
  A hydra (Lair:7)
  7 death yaks
  A fire crab (Lair:8)
  2 hill giants
  A deep elf conjurer (Elf:1)
  An ugly thing (D:12)
  A spiny frog (Lair:8)
  A rust devil (Orc:4)
  3 two-headed ogres (Lair:8)
  2 yaks
  A deep elf mage (Elf:1)
  A deep elf fighter (Elf:1)
  A vampire mosquito (D:12)
  2 water moccasins (Lair:8)
  A slave (D:9)
  4 ogres
  An orc priest (Orc:4)
  A sheep (Lair:8)
  3 orcs
  A giant cockroach (D:9)
  25 fungi
  13 plants
  12 starspawn tentacles (Abyss:1)
  87 starspawn tentacle segments (Abyss:1)
173 creatures vanquished.

Grand Total: 1131 creatures vanquished

Notes
Turn   | Place    | Note
--------------------------------------------------------------
     0 | D:1      | nuthulu the Minotaur Berserker began the quest for the Orb.
     0 | D:1      | Reached XP level 1. HP: 19/19 MP: 0/0
   386 | D:1      | Reached skill level 4 in Fighting
   386 | D:1      | Reached XP level 2. HP: 18/27 MP: 1/1
   724 | D:1      | Reached XP level 3. HP: 32/34 MP: 2/2
   877 | D:1      | Acquired Trog's second power
  1067 | D:2      | Found a shattered altar of Ashenzari.
  1819 | D:3      | Noticed emiel's ghost (average HuWn)
  1846 | D:3      | Killed emiel's ghost
  1846 | D:3      | Reached skill level 5 in Fighting
  1846 | D:3      | Reached skill level 5 in Maces & Flails
  1846 | D:3      | Reached XP level 4. HP: 7/42 MP: 3/3
  1846 | D:3      | Reached XP level 5. HP: 8/48 MP: 4/4
  2608 | D:4      | Noticed an ogre
  2616 | D:4      | Killed an ogre
  2616 | D:4      | Reached skill level 6 in Fighting
  2616 | D:4      | Reached XP level 6. HP: 57/57 MP: 5/5
  2921 | D:4      | Found a shimmering altar of Xom.
  2921 | D:4      | Found a burning altar of Makhleb.
  2938 | D:4      | Reached skill level 5 in Armour
  3122 | D:4      | Noticed a phantom
  3152 | D:4      | Killed a phantom
  3152 | D:4      | Reached XP level 7. HP: 50/64 MP: 6/6
  3366 | D:4      | Found a staircase to the Ecumenical Temple.
  3547 | D:4      | Found a white marble altar of Elyvilon.
  3547 | D:4      | Found a stormy altar of Qazlal.
  3576 | D:5      | Entered Level 5 of the Dungeon
  3719 | D:5      | Reached skill level 7 in Fighting
  3834 | D:5      | Found a sand-covered staircase.
  3962 | D:5      | Found an iron altar of Okawaru.
  4176 | D:5      | Found a glowing drain.
  4207 | D:5      | Found Zin's Purification Station.
  4212 | D:5      | Found a glowing silver altar of Zin.
  4259 | D:5      | Acquired Trog's third power
  4259 | D:5      | Reached XP level 8. HP: 71/73 MP: 7/7
  4962 | D:6      | Reached skill level 8 in Maces & Flails
  5605 | D:7      | Found a basalt altar of Yredelemnul.
  5942 | D:7      | Reached skill level 9 in Maces & Flails
  6414 | D:8      | Reached XP level 9. HP: 82/82 MP: 8/8
  6520 | D:8      | Reached skill level 10 in Maces & Flails
  6860 | D:8      | Reached skill level 11 in Maces & Flails
  7213 | D:8      | Reached skill level 10 in Armour
  7228 | D:8      | Reached XP level 10. HP: 65/93 MP: 9/9
  7638 | D:8      | Received a gift from Trog
  7768 | D:8      | Reached skill level 10 in Fighting
  8690 | D:9      | Noticed Pikel
  8747 | D:9      | Killed Pikel
  8747 | D:9      | Reached skill level 12 in Maces & Flails
  8834 | D:9      | Found an iron altar of Okawaru.
  8837 | D:9      | Found a staircase to the Lair.
  9099 | Lair:1   | Entered Level 1 of the Lair of Beasts
  9512 | Lair:1   | Received a gift from Trog
 10155 | Lair:2   | Noticed a black mamba
 10176 | Lair:2   | Killed a black mamba
 10176 | Lair:2   | Reached skill level 13 in Maces & Flails
 10176 | Lair:2   | Reached XP level 11. HP: 73/102 MP: 10/10
 10532 | Lair:2   | Noticed Harold
 10549 | Lair:2   | Killed Harold
 10837 | Lair:2   | Noticed a black mamba
 10843 | Lair:2   | Killed a black mamba
 11565 | Lair:3   | Noticed a five-headed hydra
 11583 | Lair:3   | Killed a five-headed hydra
 11796 | Lair:3   | Reached skill level 14 in Maces & Flails
 13608 | Lair:4   | Noticed a five-headed hydra
 13614 | Lair:4   | Killed a five-headed hydra
 13614 | Lair:4   | Reached XP level 12. HP: 78/113 MP: 11/11
 13697 | Lair:4   | Noticed a death yak
 13697 | Lair:4   | Noticed a death yak
 13698 | Lair:4   | Noticed a death yak
 13698 | Lair:4   | Noticed a death yak
 13698 | Lair:4   | Noticed a death yak
 13699 | Lair:4   | Noticed a death yak
 13728 | Lair:4   | Killed a death yak
 13739 | Lair:4   | Killed a death yak
 13744 | Lair:4   | Killed a death yak
 13750 | Lair:4   | Killed a death yak
 13757 | Lair:4   | Killed a death yak
 13770 | Lair:4   | Killed a death yak
 14141 | Lair:4   | Reached skill level 15 in Maces & Flails
 15042 | Lair:4   | Found a staircase to the Swamp.
 15401 | Lair:5   | Found a hole to the Spider Nest.
 15520 | Lair:5   | Found an ancient bone altar of Kikubaaqudgha.
 16109 | Lair:5   | Received a gift from Trog
 16361 | Lair:6   | Noticed a five-headed hydra
 16371 | Lair:6   | Killed a five-headed hydra
 16383 | Lair:6   | Reached XP level 13. HP: 124/124 MP: 12/12
 16599 | Lair:6   | Reached skill level 15 in Armour
 16705 | Lair:6   | Reached skill level 16 in Maces & Flails
 16862 | Lair:6   | Noticed a six-headed hydra
 16880 | Lair:6   | Killed a six-headed hydra
 18838 | Lair:7   | Reached skill level 17 in Maces & Flails
 19391 | Lair:8   | Entered Level 8 of the Lair of Beasts
 19489 | Lair:8   | Reached skill level 15 in Fighting
 19804 | Lair:8   | Received a gift from Trog
 20033 | Lair:8   | Reached XP level 14. HP: 116/135 MP: 13/13
 20671 | Lair:8   | Reached skill level 18 in Maces & Flails
 20736 | Lair:8   | Identified a +9 rod of the swarm (10/10) (You found it on level 8 of the Lair of Beasts)
 21726 | Lair:8   | Received a gift from Trog
 22098 | Lair:8   | Found a staircase to the Slime Pits.
 22722 | Lair:8   | Reached skill level 19 in Maces & Flails
 23158 | D:10     | Entered Level 10 of the Dungeon
 23524 | D:10     | Found a roughly hewn altar of Beogh.
 23527 | D:10     | Found a staircase to the Orcish Mines.
 23607 | D:10     | Identified a +0 rod of shadows (12/12) (You found it on level 10 of the Dungeon)
 23948 | D:11     | Found Xyul's Armour Boutique.
 23955 | D:11     | Bought a +3 chain mail of fire resistance for 371 gold pieces
 23978 | D:11     | Received a gift from Trog
 24183 | D:11     | Noticed Erolcha
 24192 | D:11     | Killed Erolcha
 24224 | D:11     | Found Zafiazac's Armour Shop.
 24224 | D:11     | Noticed Maurice
 24237 | D:11     | Killed Maurice
 24257 | D:11     | Bought a +1 pair of boots of flying for 181 gold pieces
 24295 | D:11     | Found Hashru's Armour Shop.
 24308 | D:11     | Bought the -3 pair of gloves "Kooxent" {rF+ rC+ Int+3 Stlth+} for 274 gold pieces
 24549 | D:11     | Found Bocidau's Jewellery Shop.
 24608 | D:12     | Reached XP level 15. HP: 107/145 MP: 14/14
 25413 | Orc:1    | Entered Level 1 of the Orcish Mines
 25891 | Orc:2    | Received a gift from Trog
 26363 | Orc:2    | Reached skill level 20 in Maces & Flails
 26385 | Orc:2    | Found a roughly hewn altar of Beogh.
 27423 | Orc:3    | You are sucked into a shaft!
 27423 | Orc:4    | Entered Level 4 of the Orcish Mines
 27423 | Orc:4    | Found a roughly hewn altar of Beogh.
 27439 | Orc:4    | Received a gift from Trog
 27507 | Orc:4    | Noticed Azrael
 27529 | Orc:4    | Found Cibo's Book Shop.
 27571 | Orc:4    | Noticed kroki's ghost (powerful HuBe)
 28165 | Orc:4    | Found Ubbir's Gadget Shoppe.
 28165 | Orc:4    | Found Omesk's Armour Shoppe.
 28165 | Orc:4    | Found Eluxupa's Antique Armour Emporium.
 28199 | Orc:4    | Found Dawkaunn's Assorted Antiques.
 28223 | Orc:4    | Bought the +5 ring mail of a Thousand Spirits {Str+6} for 680 gold pieces
 28241 | Orc:4    | Bought a pitted brass ring for 170 gold pieces
 28241 | Orc:4    | Bought a scroll of identify for 68 gold pieces
 28253 | Orc:4    | Identified the ring "Uhies" {MR- Int+10 Stlth+} (You bought it in a shop on level 4 of the Orcish Mines)
 28421 | Orc:4    | Found a staircase to the Elven Halls.
 28546 | Orc:4    | Gained mutation: You are dopey. (Int -2) [a neqoxec]
 28725 | Orc:4    | Received a gift from Trog
 28924 | Orc:4    | Banished Azrael
 29069 | Orc:4    | Killed kroki's ghost
 29475 | Elf:1    | Entered Level 1 of the Elven Halls
 29649 | Elf:1    | Found Cuivuz's Jewellery Boutique.
 30251 | Elf:1    | Received a gift from Trog
 30254 | Elf:1    | Got a scorched great mace {god gift}
 30256 | Elf:1    | Identified the +8 great mace of Trog's Hatred {crush, rPois} (Trog gifted it to you on level 1 of the Elven Halls)
 30256 | Elf:1    | Cast into the Abyss (a distortion unwield)
 30270 | Abyss:1  | Found a corrupted altar of Lugonu.
 30301 | Abyss:1  | Lost mutation: You are dopey. (Int -2) [potion of cure mutation]
 30323 | Abyss:1  | Reached skill level 21 in Maces & Flails
 30536 | Abyss:1  | Noticed an Executioner
 30553 | Abyss:1  | Noticed a tentacled starspawn
 30555 | Abyss:1  | Noticed a tentacled starspawn
 30573 | Abyss:1  | Killed a tentacled starspawn
 30576 | Abyss:1  | Killed a tentacled starspawn
 30679 | Abyss:1  | Noticed a tentacled starspawn
 30695 | Abyss:1  | Noticed a tentacled starspawn
 30715 | Abyss:1  | HP: 7/149 [tentacled starspawn (6)]
 30715 | Abyss:1  | Mangled by a spatial maelstrom

Vault maps used:
D:1:      shiori_shiawase
D:2:      overflow_temple_1_default
D:3:      kennysheep_doodads
D:4:      grunt_temple_overflow_champion_of_chaos,
          gammafunk_temple_overflow_statue, temple_doors_e
D:5:      zin_purify, portal_sewer_entry_a, enter_ossuary_1, first_bread,
          minmay_misc_feat_columns, okawaru_gym_becter
D:6:      corexii_shack_village
D:7:      yredelemnul_altar_generic
D:8:      hangedman_pestilent_swarm, minmay_misc_feat_pillars, minmay_ruffians
D:9:      lemuel_doored_altar, lair_0_dummy, uniq_pikel
D:10:     david_orc_5, corexii_checkpoint_b
D:11:     serial_shops, shop, shop, shop, shop, uniq_maurice, uniq_erolcha
Lair:2:   uniq_harold
Lair:3:   lemuel_fruit_fields
Lair:4:   nicolae_swamp_entry_splash_gauntlet
Lair:5:   spider_nest_entry_web_field, minmay_stone_trees_small,
          lemuel_altar_in_water2
Lair:6:   grunt_megastairs_3
Lair:7:   serial_bayou_crossing, lemuel_fruit_fields, lemuel_fruit_fields,
          grunt_megastairs_2
Lair:8:   evilmike_catoblepas_cave, minmay_slime_entry_oklob_enclosed,
          serial_bayou_lagoon_a
Orc:1:    basic_altar, uniq_urug
Orc:2:    orc_temple, bloody_trog
Orc:3:    nicolae_orc_pool_cavern
Orc:4:    st_orc_mages, serial_shops, shop, basic_altar, uniq_azrael
Elf:1:    minmay_elf_arrival_circle, serial_shops, shop,
          hangedman_elf_disciples, nicolae_twisting_strands

Action                   |  1- 3 |  4- 6 |  7- 9 | 10-12 | 13-15 || total
-------------------------+-------+-------+-------+-------+-------++-------
Melee: Mace              |    88 |    83 |   436 |       |       ||   607
       Morningstar       |       |       |    13 |   547 |       ||   560
       Great mace        |       |       |       |    12 |  1204 ||  1216
Invok: Berserk           |     1 |     1 |     1 |     1 |     1 ||     5
       Burn Spellbooks   |       |       |     2 |     1 |     8 ||    11
       Brothers in Arms  |       |       |       |     6 |    18 ||    24
Evoke: Wand              |       |       |       |     6 |    17 ||    23
  Use: Scroll            |     5 |     2 |    10 |    14 |     8 ||    39
       Potion            |       |     1 |     4 |       |     8 ||    13
 Stab: Distracted        |       |       |       |     1 |       ||     1
  Eat: Chunk             |     2 |     1 |    12 |    11 |     9 ||    35
       Pizza             |     1 |       |       |       |       ||     1
       Bread ration      |       |     1 |       |       |     4 ||     5
       Beef jerky        |       |       |     3 |     1 |     4 ||     8
       Meat ration       |       |       |       |     1 |     1 ||     2
       Royal jelly       |       |       |       |     5 |     2 ||     7
       Fruit             |       |       |       |     2 |    14 ||    16
